 Dungeon Crawl Stone Soup version 0.28.0-45-g0d030f2227 (webtiles) character file.

Game seed: 17155422107578085762

2631 zeratav the Martial Artist (level 9, -3/61 HPs)
             Began as an Octopode Transmuter on Apr 7, 2022.
             Was an Initiate of Ashenzari.
             Slain by a six-headed hydra (8 damage)
             ... on level 7 of the Dungeon.
             The game lasted 00:40:54 (9589 turns).

zeratav the Martial Artist (Octopode Transmuter)    Turns: 9589, Time: 00:40:55

Health: -3/61      AC:  7    Str: 10    XL:     9   Next: 61%
Magic:  5/12       EV: 24    Int: 15    God:    Ashenzari [......]
Gold:   126        SH:  0    Dex: 21    Spells: 8/12 levels left

rFire   . . .      SeeInvis +     - Unarmed
rCold   . . .      Faith    .   (shield currently unavailable)
rNeg    . . .      Spirit   .   (helmet currently unavailable)
rPois   x          Reflect  .   (no amulet)
rElec   .          Harm     .   g - +4 ring of protection
rCorr   .          Rampage  .   h - ring of see invisible
Will    .....                   k - +1 ring of protection
Stlth   +++.......              w - +2 ring of slaying
HPRegen 0.20/turn               (no ring)
MPRegen 0.13/turn               (no ring)
                                (no ring)
                                (no ring)

@: lethally poisoned (-3 -> -10), spider-form, very slightly contaminated
A: venomous fangs, almost no armour, (amphibious), 8 rings, tiny, (camouflage
1), (gelatinous body 1), (nimble swimmer 1), (tentacles)
a: End Transformation, Renounce Religion, Curse Item


You were on level 7 of the Dungeon.
You worshipped Ashenzari.
Ashenzari was noncommittal.
You were a venomous arachnid creature.
You visited 2 branches of the dungeon, and saw 8 of its levels.
You also visited: Sewer.

You collected 366 gold pieces.
You spent 240 gold pieces at shops.


Innate Abilities, Weirdness & Mutations

You are a venomous arachnid creature.
You have poisonous fangs.
You are tiny and dextrous.
Your spellcasting is less reliable in this form.
Your armour is entirely melded.
You are incapable of wielding weapons or throwing items.
You cannot wear most types of armour.
((You are amphibious.))
You can wear up to eight rings at the same time.
((Your skin changes colour to match your surroundings (Stealth+).))
((Your rubbery body absorbs attacks. (AC +1, EV +1)))
((You are camouflaged when in or above water. (Stealth+)))
((You have tentacles for arms and can constrict up to eight enemies at once.))


   Skills:
 + Level 5.4 Fighting
 + Level 5.8 Dodging
 - Level 5.0 Stealth
 * Level 8.4 Unarmed Combat
 - Level 2.0 Spellcasting
 + Level 5.7 Transmutations


You had 8 spell levels left.
You knew the following spells:

 Your Spells              Type           Power      Damage    Failure   Level
a - Beastly Appendage     Tmut           36%        N/A       8%          1
b - Spider Form           Tmut/Pois      10%        N/A       41%         3

Your spell library contained the following spells:

 Spells                   Type           Power      Damage    Failure   Level
 Wereblood                Tmut           18%        N/A       11%         2
 Summon Small Mammal      Summ           4%         N/A       43%         1
 Call Canine Familiar     Summ           1%         N/A       75%         3
 Dazzling Flash           Conj/Hex       2%         N/A       75%         3
 Portal Projectile        Hex/Tloc       2%         N/A       75%         3
 Summon Guardian Golem    Hex/Summ       1%         N/A       75%         3
 Ice Form                 Ice/Tmut       10%        N/A       77%         4
 Leda's Liquefaction      Hex/Erth       0%         N/A       98%         4
 Agony                    Necr           1%         N/A       100%        5
 Silence                  Hex/Air        0%         N/A       100%        5

Inventory:

Hand Weapons
 b - a +0 dagger of speed {short}
   (You found it on level 1 of the Dungeon)
 r - a +2 hand crossbow of flaming (melded) {crossbow}
   (You took it off a kobold on level 4 of the Dungeon)
Missiles
 s - 31 bolts
 B - 5 silver boomerangs {throwing}
Armour
 z - a +0 buckler
   (You found it on level 7 of the Dungeon)
Jewellery
 g - a +4 ring of protection (left front leg)
   (You found it on level 1 of the Dungeon)
 h - a ring of see invisible (right front leg)
   (You found it on level 3 of the Dungeon)
 k - a +1 ring of protection (on tentacle)
   (You bought it in a shop on level 1 of the Dungeon)
 w - a +2 ring of slaying (on tentacle)
   (You bought it in a shop on level 1 of the Dungeon)
Wands
 i - a wand of paralysis (5)
   (You took it off an orc on level 6 of the Dungeon)
 n - a wand of mindburst (6)
   (You found it on level 3 of the Dungeon)
 p - a wand of digging (7)
   (You found it on level 3 of the Dungeon)
 q - a wand of flame (4)
   (You found it on level 4 of the Dungeon)
 C - a wand of iceblast (9)
   (You found it on level 6 of the Dungeon)
Scrolls
 a - a scroll of enchant armour
 l - 4 scrolls of teleportation {@r4}
 y - a scroll of torment {!r}
 A - a scroll of amnesia
 D - a scroll of identify {@r1}
Potions
 c - a potion of flight {unknown}
 d - 2 potions of ambrosia
 e - 5 potions of might
 f - a potion of brilliance {unknown}
 j - a potion of mutation {unknown}
 m - a potion of invisibility {unknown}
 o - a potion of curing {unknown}
 u - a potion of lignification {unknown}
 v - 3 potions of cancellation {unknown}
 x - a potion of degeneration {unknown}

Dungeon Overview and Level Annotations

Branches:
Dungeon (7/15)             Temple (1/1) D:6           Sewer (visited)

Altars:
Ashenzari
Cheibriados
Dithmenos
Fedhas
Gozag
Hepliaklqana
Kikubaaqudgha
Makhleb
Nemelex Xobeh
Okawaru
Qazlal
Ru
Sif Muna
Trog
Uskayaw
Vehumet
Wu Jian
Zin
The Shining One

Shops:
D:1 =

Annotations:
D:4 2 runed translucent doors, Kazon's ghost, amateur HOMo

##..Z###...# #.#......)>......#
#..........# #.#.###########..#
......#....# #.#.## #..#
..###.#....# #....# #######.(###
......#....###.#..####...........
.5.#..........................###
##.#.###..####.#l###########..#
...#...5..# #..#D# #####..#
#..[..#...###l.#s# #......#
#.###.#........#.# #.###..###
#..[..#...###.##.#######.###...†.
l..#......# #.##<...............#
##[#$###..# #.#########.#######.#
,,.#.,,...# #.# #.# #.#
#,.(.,#...# #.# #.# #.#
#,###,#...# #.# #.# #.#
#,,,,,#...# #.# #######.#######.#


You could see a six-headed hydra and an iguana.


Message History

You barely miss the bullfrog.
The centaur shoots an arrow.
The arrow closely misses you.
A six-headed hydra comes into view.
The bullfrog misses you.
HP[+1] MP[+1]
You barely miss the bullfrog.
Your transformation is almost over.
The bullfrog misses you.
The centaur unwields a +0 shortbow.
The centaur hits you. The centaur misses you.
HP[-2]
You take 2 damage, and now have 39/61 hp.
You barely miss the bullfrog. The bullfrog closely misses you.
The centaur barely misses you. The centaur misses you. The bullfrog misses you.
You hit the centaur. The centaur completely misses you. x2
The white imp completely misses you. The bullfrog hits you.
HP[-3]
You take 3 damage, and now have 36/61 hp.
You bite the centaur!
The centaur is poisoned.
The centaur completely misses you. The centaur barely misses you.
The bullfrog misses you. The white imp barely misses you.
As you read the scroll of fear, it crumbles to dust.
You assume a fearsome visage.
The centaur looks frightened!
The bullfrog looks frightened!
The six-headed hydra resists with almost no effort.
The white imp looks frightened!
You kill the centaur!
HP[+1] MP[+1]
Your transformation has ended.
Your +2 hand crossbow of flaming {crossbow} unmelds from your body.
Your +2 hand crossbow of flaming {crossbow} bursts into flame!
An iguana comes into view.
You see here a scroll labelled UBUIR WAICK.
HP[+1]
Casting: Spider Form (dangerous; 21% risk of failure)
Confirm with . or Enter, or press ? or * to list all spells.
You turn into a venomous arachnid creature.
Your +2 hand crossbow of flaming {crossbow} melds into your body.
Your +2 hand crossbow of flaming {crossbow} stops flaming.
The iguana hisses angrily.
The six-headed hydra barely misses you.
The six-headed hydra completely misses you.
The six-headed hydra closely misses you.
The six-headed hydra bites you!
* * * LOW HITPOINT WARNING * * *
The six-headed hydra closely misses you.
The six-headed hydra completely misses you.
HP[-8] MP[-3]
You take 8 damage, and now have 30/61 hp.
You lost 3 mp, and now have 8/12 mp.
The six-headed hydra completely misses you.
The six-headed hydra barely misses you. The six-headed hydra misses you.
The six-headed hydra barely misses you.
The six-headed hydra closely misses you.
The six-headed hydra bites you.
* * * LOW HITPOINT WARNING * * *
HP[-2]
You take 2 damage, and now have 28/61 hp.
You see here a +0 ring mail.
HP[+1] MP[+1]
Your transformation is almost over.
HP[+1]
The white imp gestures at you.
The puff of frost hits you but does no damage.
MP[+1] HP[+1]
Your transformation has ended.
Your +2 hand crossbow of flaming {crossbow} unmelds from your body.
Your +2 hand crossbow of flaming {crossbow} bursts into flame!
HP[+1] MP[+1]
Casting: Spider Form (dangerous; 21% risk of failure)
Confirm with . or Enter, or press ? or * to list all spells.
You turn into a venomous arachnid creature.
Your +2 hand crossbow of flaming {crossbow} melds into your body.
Your +2 hand crossbow of flaming {crossbow} stops flaming.
The six-headed hydra bites you.
* * * LOW HITPOINT WARNING * * *
The six-headed hydra misses you.
The six-headed hydra closely misses you.
The six-headed hydra bites you!
* * * LOW HITPOINT WARNING * * *
The six-headed hydra misses you.
The six-headed hydra bites you but does no damage.
HP[-11] MP[-3]
You take 11 damage, and now have 21/61 hp.
You lost 3 mp, and now have 8/12 mp.
Casting: Spider Form (dangerous; 41% risk of failure)
Confirm with . or Enter, or press ? or * to list all spells.
You miscast Spider Form.
You are very lightly contaminated with residual magic.
You feel rather nauseous for a moment!
You are poisoned.
* * * LOW HITPOINT WARNING * * *
x2 You feel very sick.
The six-headed hydra bites you.
* * * LOW HITPOINT WARNING * * *
The six-headed hydra bites you but does no damage.
The six-headed hydra bites you!
You die...

Skill      XL: |  1  2  3  4  5  6  7  8  9 |
---------------+----------------------------+-----
Stealth        | 1 2 3 4 5 |  5.0
Unarmed Combat | 4 5 7 8 |  8.4
Fighting       | 2 3 4 5 |  5.4
Dodging        | 3 4 5 |  5.8
Transmutations | 3 5 |  5.7
Spellcasting   | |  2.0

Action                   |  1- 3 |  4- 6 |  7- 9 || total
-------------------------+-------+-------+-------++-------
Melee: Dagger            |    73 |   132 |    34 ||   239
       Constrict         |    16 |    37 |    10 ||    63
       Kick              |    11 |    12 |     2 ||    25
       Tentacles         |    22 |    46 |    12 ||    80
       Punch             |     1 |     5 |     3 ||     9
       Unarmed           |       |     3 |   188 ||   191
 Fire: Hand crossbow     |       |    24 |    46 ||    70
 Cast: Beastly Appendage |    13 |     9 |     1 ||    23
       Spider Form       |       |     1 |    32 ||    33
 Abil: End Transformatio |       |       |     4 ||     4
Evoke: Wand              |       |     1 |       ||     1
  Use: Scroll            |       |       |    13 ||    13
 Stab: Sleeping          |     5 |    11 |     2 ||    18
Armor: Skin              |    13 |    21 |    40 ||    74
Dodge: Dodged            |    40 |    49 |   229 ||   318

Levels and vault maps discovered:
D:1:      lightli_arrival_quake, layout_rooms, ebering_ecumenical_altar_box,
          nicolae_shop_unique_rings, amcnicky_mini_rare_corridor_liquid
D:2:      layout_loops_cross, kennysheep_generic_room_10
D:3:      layout_loops_corners, okawaru_trees_1, nicolae_overflow_hidden_temple,
          gup_sewer_entry_spiral
D:4:      layout_layer_cave, mainiacjoe_overflow_swirl,
          nicolae_tso_besieged_by_evil, ebering_ghost_sewer_f,
          minmay_ruined_shrine, uniq_pikel, uniq_robin
D:5:      layout_basic
D:6:      minmay_bubble_buster, layout_rooms, vehumet_crystals,
          minmay_temple_entry_enclosed_plants
D:7:      hangedman_cross_stitches, layout_loops_ring
Temple:   compressed_dpeg_circular_temple

Notes
Turn   | Place    | Note
-------+----------+-------------------------------------------
     0 | D:1      | zeratav the Octopode Transmuter began the quest for the
                  | Orb.
     0 | D:1      | Reached XP level 1. HP: 13/13 MP: 3/3
     0 | D:1      | magus.rc [v1.9.6]
   133 | D:1      | You pick up a book of the Hunter and begin reading...
   133 | D:1      | You add the spells Call Canine Familiar, Portal Projectile
                  | and Leda's Liquefaction to your library.
   332 | D:1      | Found a faded altar of an unknown god.
   405 | D:1      | Found Ponacrot's One-of-a-Kind Rings.
   505 | D:1      | Reached XP level 2. HP: 18/18 MP: 3/5
   702 | D:1      | Reached skill level 1 in Stealth
  1090 | D:2      | Reached XP level 3. HP: 18/23 MP: 4/6
  1678 | D:2      | Reached XP level 4. HP: 23/28 MP: 7/7
  1855 | D:3      | Reached skill level 2 in Stealth
  1985 | D:3      | Found a burning altar of Makhleb.
  2305 | D:3      | Found a glowing drain.
  2309 | Sewer    | Entered a sewer
  2330 | Sewer    | Noticed Pargi
  2610 | D:2      | Learned a level 3 spell: Spider Form
  3175 | D:3      | Reached skill level 4 in Unarmed Combat
  3175 | D:3      | Reached XP level 5. HP: 34/34 MP: 8/8
  3195 | D:3      | Reached skill level 2 in Fighting
  3390 | D:3      | Found an iron altar of Okawaru.
  3567 | D:4      | Noticed a yak
  3567 | D:4      | Noticed a yak
  3567 | D:4      | Noticed a yak
  3567 | D:4      | Noticed a yak
  4113 | D:4      | Found a runed translucent door.
  4115 | D:4      | Noticed Kazon's ghost (amateur HOMo)
  4241 | D:4      | Reached skill level 3 in Dodging
  4241 | D:4      | Reached skill level 3 in Stealth
  4361 | D:4      | Found a glowing golden altar of the Shining One.
  4388 | D:4      | Reached skill level 3 in Transmutations
  4388 | D:4      | Reached XP level 6. HP: 41/41 MP: 9/9
  4580 | D:4      | Noticed a black bear
  4605 | D:4      | Killed a black bear
  4652 | D:4      | Found a shimmering blue altar of Sif Muna.
  4663 | D:4      | Noticed Robin
  4690 | D:4      | Killed Robin
  4710 | D:4      | Found an ornate altar of the Wu Jian Council.
  4823 | D:4      | Reached skill level 4 in Stealth
  4823 | D:4      | Reached skill level 5 in Unarmed Combat
  4823 | D:4      | Reached XP level 7. HP: 38/45 MP: 7/10
  5038 | D:4      | Found a sacrificial altar of Ru.
  5057 | D:4      | Found a runed translucent door.
  5114 | D:4      | Reached skill level 3 in Fighting
  5419 | D:5      | Entered Level 5 of the Dungeon
  5468 | D:5      | You pick up a book of the Senses and begin reading...
  5468 | D:5      | You add the spells Dazzling Flash, Agony and Silence to
                  | your library.
  5876 | D:5      | Reached skill level 4 in Dodging
  6116 | D:5      | Reached XP level 8. HP: 52/52 MP: 11/11
  6167 | D:5      | Reached skill level 4 in Transmutations
  6326 | D:5      | Reached skill level 5 in Stealth
  6333 | D:5      | Reached skill level 6 in Unarmed Combat
  6796 | D:6      | You pick up a book of Callings and begin reading...
  6796 | D:6      | You add the spells Summon Small Mammal and Summon Guardian
                  | Golem to your library.
  7021 | D:1      | Bought a +1 ring of protection for 30 gold pieces
  7021 | D:1      | Bought a +2 ring of slaying for 210 gold pieces
  7119 | D:4      | Noticed a yak
  7310 | D:6      | Found a staircase to the Ecumenical Temple.
  7316 | Temple   | Entered the Ecumenical Temple
  7359 | Temple   | Became a worshipper of Ashenzari the Shackled
  7624 | D:6      | Found a radiant altar of Vehumet.
  7768 | D:6      | Reached skill level 4 in Fighting
  7877 | D:6      | Reached skill level 7 in Unarmed Combat
  7882 | D:6      | Reached skill level 5 in Dodging
  8217 | D:6      | Reached skill level 5 in Transmutations
  8217 | D:6      | Reached XP level 9. HP: 55/59 MP: 9/12
  8400 | D:7      | HP: 12/60 [something (4)]
  8401 | D:7      | Reached skill level 5 in Fighting
  8764 | D:7      | Reached skill level 8 in Unarmed Combat
  8832 | D:7      | Noticed a boulder beetle
  8860 | D:7      | HP: 14/61 [centaur/arrow (10)]
  9555 | D:7      | Noticed a six-headed hydra
  9589 | D:7      | HP: 9/61 [something (12)]
  9589 | D:7      | Slain by a six-headed hydra

Vanquished Creatures
  A steam dragon (D:7)
  2 water moccasins
  2 hornet zombies
  2 black bears
  3 necrophages (D:6)
  3 ogres
  An ice beast (D:6)
  A centaur (D:7)
  A lemure (D:4)
  5 scorpions
  A howler monkey (D:5)
  A crimson imp (D:4)
  5 hounds
  A jelly (D:4)
  2 bullfrog skeletons
  2 centaur skeletons
  7 iguanas
  3 orc wizards
  A scorpion zombie (D:5)
  A hound skeleton (D:5)
  Robin (D:4)
  3 gnolls (D:3)
  A howler monkey skeleton (D:3)
  10 adders
  A river rat (D:3)
  2 shadow imps
  A white imp (D:6)
  2 worms
  3 dart slugs
  26 orcs
  5 ball pythons
  4 bats
  6 endoplasms
  6 giant cockroaches
  16 goblins
  7 hobgoblins
  6 jackals (D:3)
  3 quokkas
  6 frilled lizards
  A goblin zombie (D:4)
  3 hobgoblin zombies (D:4)
  3 kobolds
  3 kobold skeletons (D:4)
  A kobold zombie (D:4)
  2 rats
167 creatures vanquished.

Table legend:
 A = Non-vault XP
 B = Vault XP
 C = Vault XP percentage of total XP
 D = Non-vault monster count
 E = Vault monster count
 F = Vault count percentage of total count
                 A         B        C        D         E       F
            +---------+---------+-------+---------+---------+-------
      Total |    2044 |    1715 |  45.6 |     108 |      58 |  34.9
            +---------+---------+-------+---------+---------+-------
        D:1 |      24 |       0 |   0.0 |      12 |       0 |   0.0
        D:2 |      52 |       6 |  10.3 |      17 |       2 |  10.5
        D:3 |      72 |      29 |  28.7 |      12 |       8 |  40.0
        D:4 |     292 |     338 |  53.7 |      16 |      27 |  62.8
        D:5 |     489 |       0 |   0.0 |      20 |       0 |   0.0
        D:6 |     445 |    1173 |  72.5 |      20 |      13 |  39.4
        D:7 |     670 |     150 |  18.3 |      11 |       2 |  15.4
      Sewer |       0 |      19 | 100.0 |       0 |       6 | 100.0
            +---------+---------+-------+---------+---------+-------

Illustrated notes

Table legend:
 A = Kills in this place as a percentage of kills in entire the game.
 B = Kills by you in this place as a percentage of kills by you in the entire game.
 C = Kills by friends in this place as a percentage of kills by friends in the entire game.
 D = Other kills in this place as a percentage of other kills in the entire game.
 E = Experience gained in this place as a percentage of experience gained in the entire game.
 F = Experience gained in this place divided by the number of levels of this place that you have seen.
                   A       B       C       D       E      F
               +-------+-------+-------+-------+-------+----------------------
         Total | 100.0 | 100.0 |   N/A |   N/A | 100.0 | 417.7
       Dungeon |  96.4 |  96.4 |   N/A |   N/A |  99.5 | 534.3
         Sewer |   3.6 |   3.6 |   N/A |   N/A |   0.5 |  19.0
               +-------+-------+-------+-------+-------+----------------------

Table legend: (Time is in decaauts)
 A = Elapsed time spent in this place.
 B = Non-inter-level travel time spent in this place.
 C = Inter-level travel time spent in this place.
 D = Time resting spent in this place.
 E = Time spent auto-exploring this place.
 F = Levels seen in this place.
 G = Mean time per level.
                   A        B        C        D        E       F      G
               +--------+--------+--------+--------+--------+-----+--------+
         Total |   9522 |   7938 |   1584 |   2487 |   1193 |   9 | 1058.0 |
       Dungeon |   9304 |   7760 |   1544 |   2487 |   1163 |   7 | 1329.1 |
        Temple |     79 |     39 |     40 |      0 |     30 |   1 |   79.0 |
         Sewer |    139 |    139 |      0 |      0 |      0 |   1 |  139.0 |
               +--------+--------+--------+--------+--------+-----+--------+

Top non-repeatable levels by time:
     D:6: 1633 daAuts
     D:4: 1631 daAuts
     D:3: 1583 daAuts
     D:5: 1416 daAuts
     D:1: 1181 daAuts
     D:2: 1137 daAuts
     D:7: 720 daAuts
   Sewer: 139 daAuts
  Temple: 79 daAuts
